 Dungeon Crawl Stone Soup version 0.28.0-47-ge53b351184 (webtiles) character file.

Game seed: 12558994791447679078

165 Zeld the Conjurer (level 5, -3/42 HPs)
             Began as a Draconian Conjurer on Apr 29, 2022.
             Slain by a black bear (6 damage)
             ... on level 4 of the Dungeon.
             The game lasted 00:02:17 (3707 turns).

Zeld the Conjurer (Draconian Conjurer)              Turns: 3707, Time: 00:02:18

Health: -3/42      AC:  5    Str: 10    XL:     5   Next: 21%
Magic:  0/9        EV: 12    Int: 20    God:
Gold:   132        SH:  0    Dex:  9    Spells: 7/10 levels left

rFire   . . .      SeeInvis .   (no weapon)
rCold   . . .      Faith    .   (no shield)
rNeg    . . .      Spirit   .   (armour unavailable)
rPois   .          Reflect  .   (helmet restricted)
rElec   .          Harm     .   (no cloak)
rCorr   .          Rampage  .   (no gloves)
Will    .....                   (no boots)
Stlth   ++........              (no amulet)
HPRegen 0.14/turn               (no ring)
MPRegen 0.11/turn               (no ring)

@: no status effects
A: AC +5, unfitting armour, cold-blooded
a: no special abilities


You were on level 4 of the Dungeon.
You visited 1 branch of the dungeon, and saw 4 of its levels.

You collected 132 gold pieces.

Inventory:

Jewellery
 h - a ring of protection from cold
Scrolls
 b - a scroll of fear {unknown}
 c - 2 scrolls of vulnerability {unknown}
 d - a scroll of summoning {unknown}
 e - a scroll of identify {unknown}
 f - a scroll of teleportation {unknown}
 i - a scroll of magic mapping {unknown}
 k - a scroll of holy word {unknown}
Potions
 a - 2 potions of brilliance {unknown}
 g - 3 potions of might {unknown}
 j - a potion of haste {unknown}


   Skills:
 * Level 2.4 Fighting
 + Level 2.3 Dodging
 + Level 2.4 Stealth
 * Level 3.1 Spellcasting
 * Level 4.7 Conjurations


You had 7 spell levels left.
You knew the following spells:

 Your Spells              Type           Power      Damage    Failure   Level
a - Magic Dart            Conj           88%        1d7       1%          1
b - Searing Ray           Conj           44%        2d6       3%          2

Your spell library contained the following spells:

 Spells                   Type           Power      Damage    Failure   Level
 Dazzling Flash           Conj/Hex       24%        N/A       16%         3
 Fulminant Prism          Conj/Hex       6%         3d7       47%         4
 Iskenderun's Mystic Bla  Conj/Tloc      12%        2d5       47%         4
 Borgnjor's Revivificati  Necr           1%         N/A       100%        8
 Necromutation            Tmut/Necr      1%         N/A       100%        8
 Death's Door             Necr           1%         N/A       100%        9


Dungeon Overview and Level Annotations

Branches:
Dungeon (4/15)
 Temple: D:4-7

Altars:
Ru


Innate Abilities, Weirdness & Mutations

Your plain brown scales are hard. (AC +5)
You cannot fit into any form of body armour.
You are cold-blooded and may be slowed by cold attacks.


Message History

The black bear bites you but does no damage.
The black bear claws you but does no damage. x2
The searing ray hits the black bear.
The black bear is heavily wounded.
The black bear completely misses you. The black bear claws you.
The black bear barely misses you.
The searing ray hits the black bear.
The black bear is almost dead.
The black bear goes berserk!
You hit the black bear.
The black bear is almost dead.
The black bear bites you. The black bear closely misses you.
The black bear claws you. The black bear barely misses you.
The black bear claws you but does no damage.
The black bear misses you.
You hit the black bear.
Your tail-slap misses the black bear.
The black bear is almost dead.
The black bear bites you but does no damage.
The black bear barely misses you. x2
Casting: Searing Ray (safe; 3% risk of failure)
Confirm with . or Enter, or press ? or * to list all spells.
Aiming: Magic Dart (safe; 1% risk of failure)
Press: ? - help, Shift-Dir - straight line, f/p - black bear
Aim: a black bear (almost dead, berserk, 100% to hit)
The magic dart hits the black bear but does no damage.
The black bear is almost dead.
The black bear bites you. The black bear claws you.
The black bear barely misses you. The black bear closely misses you.
The black bear claws you but does no damage. x2
You hit the black bear but do no damage.
The black bear is almost dead.
The black bear bites you!
* * * LOW HITPOINT WARNING * * *
The black bear claws you.
* * * LOW HITPOINT WARNING * * *
The black bear claws you.
* * * LOW HITPOINT WARNING * * *
Okay, then.
The black bear bites you.
You die...

......# ..... ####
.... ..... ..#
##...####.#
.......#..###########
#...#.#.............
................##
######.......@h...#
.......<.......#$.....
.#####.#######.# ..###
#. ..# .# ## ..# #
#..# ...# ...#


You could see a black bear (berserk).

Vanquished Creatures
  A scorpion (D:3)
  An adder (D:3)
  6 gnolls
  6 ball pythons
  5 endoplasms
  A giant cockroach (D:3)
  5 hobgoblins
  3 kobolds
  A quokka (D:1)
  3 bats
  A frilled lizard (D:1)
  3 rats
36 creatures vanquished.

Notes
Turn   | Place    | Note
-------+----------+-------------------------------------------
     0 | D:1      | Zeld the Draconian Conjurer began the quest for the Orb.
     0 | D:1      | Reached XP level 1. HP: 14/14 MP: 3/3
   486 | D:1      | Reached XP level 2. HP: 13/22 MP: 0/5
   496 | D:1      | Learned a level 2 spell: Searing Ray
  1780 | D:2      | Reached skill level 1 in Fighting
  1815 | D:2      | Found a faded altar of an unknown god.
  1934 | D:2      | Found a sacrificial altar of Ru.
  2196 | D:2      | Reached XP level 3. HP: 12/28 MP: 1/6
  2810 | D:2      | Reached XP level 4. HP: 9/36 MP: 0/8
  3234 | D:3      | Noticed a scorpion
  3249 | D:3      | Killed a scorpion
  3250 | D:3      | Reached XP level 5. HP: 26/42 MP: 0/9
  3695 | D:4      | Noticed a black bear
  3707 | D:4      | Slain by a black bear

Illustrated notes

Levels and vault maps discovered:
D:1:      nicolae_arrival_somewhat_less_tricky_arrival, layout_loops_cross,
          chequers_serial_rivers_large_a
D:2:      layout_loops_corners, nicolae_ecumenical_oubliette, basic_altar
D:3:      layout_rooms
D:4:      layout_basic, minmay_misc_feat_hallway, minmay_shop_damaged,
          uniq_ijyb, uniq_natasha

Skill      XL: |  1  2  3  4 |
---------------+-------------+-----
Stealth        | 2 |  2.4
Fighting       | 1 2 |  2.4
Dodging        | 2 |  2.3
Spellcasting   | 3 |  3.1
Conjurations   | |  4.7

Action                   |  1- 3 |  4- 6 || total
-------------------------+-------+-------++-------
Melee: Unarmed           |    58 |     8 ||    66
       Tailslap          |     3 |     1 ||     4
 Cast: Magic Dart        |    63 |    11 ||    74
       Searing Ray       |     2 |     6 ||     8
Armor: Skin              |    23 |    10 ||    33
Dodge: Dodged            |    58 |    20 ||    78
